Description

This build is just for fun, but it can be super effective if your oponent does not knowe how to younter it.

Replay - BadogEmber v XiM - Blood Boil LE

Build Order

Why is there no SALT encoding or Overwolf build?

  12  0:00  SCV  
  13  0:17  SCV  
  14  0:23  Supply Depot  
  14  0:40  SCV  
  15  0:51  Refinery  
  15  0:52  SCV  
  16  1:05  SCV  
  17  1:17  SCV  
  18  1:20  Command Center  hide near enemy base
  18  1:29  SCV  
  19  1:36  Engineering Bay  in the wall
  19  1:41  SCV  
  20  1:52  Refinery  
  20  1:53  SCV  
  21  2:08  Hi-Sec Auto Tracking  
  21  2:13  SCV, Supply Depot  
  22  2:55  Planetary Fortress  don't forget to micro your SCV
  22    Barracks  at home
  23    SCV  PROXY to repair the PF and keep building more
Spawning Tool Build Advisor. Get it on Overwolf

Analysis

After the planaatari place missle turets near it aginst mothership core. Start proxying factorys and baracs. After that you can do wathever you want.

Go to:

Details

  • Created by: Najabi
  • Published on: May 15, 2017
  • Modified on: May 15, 2017
  • Patch: 3.8.0
Show

Export as new Build Order

Comments (0)

There are no comments. Be the first!

Create an account to comment!